[Event "Titled Tuesday Blitz February 14 Early 2023"]
[White "Sovetov, Oleksandr"]
[Black "Costachi, Mihnea"]
[WhiteFideId "34105786"]
[BlackFideId "1217518"]
[WhiteElo "1976"]
[BlackElo "2476"]
[Result "0-1"]
[Round "08"]
[TimeControl "180+2"]
[Date "2023.02.14"]
[WhiteClock "0:00:40"]
[BlackClock "0:02:18"]

1. Nf3 Nf6 2. c4 Nc6 3. Nc3 e5 4. e3 d5 5. cxd5 Nxd5 6. Bb5 Nxc3 7. bxc3 Bd6 8. d4 exd4 9. exd4 O-O 10. O-O Bg4 11. h3 Bh5 12. Bd3 Qf6 13. Re1 Rfe8 14. Be3 h6 15. Rb1 Nd8 16. Bg5 Rxe1+ 17. Qxe1 hxg5 18. Qe8+ Bf8 19. Rxb7 Nxb7 20. Qxa8 Bxf3 21. gxf3 Qxf3 22. Ba6 Qd1+ 23. Kg2 Nd6 24. Qxa7 g4 25. hxg4 Qxg4+ 26. Kf1 Qh3+ 27. Kg1 Qxc3 28. Bf1 Nf5 29. d5 Bd6 30. Qa8+ Kh7 31. Qe8 Qf6 32. Qe4 g6 33. a4 Qg5+ 34. Qg2 Nh4 35. Qxg5 Nf3+ 36. Kg2 Nxg5 37. a5 Kg7 38. a6 Bc5 39. Bd3 Kf6 40. f4 Nh7 41. Kf3 Ke7 42. Bb5 Nf6 43. Bc6 Kd6 0-1


[Site "https://www.chess.com"]

[Event "Titled Tuesday Blitz February 14 Early 2023"]
[White "Matinian, Nikita"]
[Black "Jeet, Jain"]
[WhiteFideId "24129100"]
[BlackFideId "5073022"]
[WhiteElo "2407"]
[BlackElo "2199"]
[Result "1-0"]
[Round "08"]
[TimeControl "180+2"]
[Date "2023.02.14"]
[WhiteClock "0:00:26"]
[BlackClock "0:00:16"]

1. e4 e5 2. Nf3 Nc6 3. Bb5 a6 4. Ba4 Nf6 5. O-O b5 6. Bb3 Bc5 7. c3 d6 8. d4 Bb6 9. Be3 O-O 10. h3 h6 11. Nbd2 exd4 12. cxd4 Na5 13. Bc2 Re8 14. a4 Bb7 15. e5 Nd5 16. axb5 axb5 17. Qe2 Nxe3 18. fxe3 Nc4 19. Rxa8 Qxa8 20. Nxc4 bxc4 21. Qxc4 Ba6 22. Qc3 Bxf1 23. Kxf1 Qa6+ 24. Kf2 d5 25. g4 Rc8 26. b4 Qb5 27. g5 hxg5 28. Nxg5 Qd7 29. Qd3 g6 30. e6 Qd6 31. Kg2 f5 32. Qb5 Kg7 33. Qd7+ Qxd7 34. exd7 Rd8 35. Ne6+ Kf7 36. Nxd8+ Ke7 37. Nc6+ Kxd7 38. Ne5+ Ke6 39. Nxg6 c6 40. Nf4+ Kf6 41. Ba4 1-0


[Site "https://www.chess.com"]

[Event "Titled Tuesday Blitz February 14 Early 2023"]
[White "Md, Imran"]
[Black "Lucassen, Mickey"]
[WhiteFideId "25748580"]
[BlackFideId "12919110"]
[WhiteElo "2284"]
[BlackElo "2023"]
[Result "0-1"]
[Round "08"]
[TimeControl "180+2"]
[Date "2023.02.14"]
[WhiteClock "0:00:20"]
[BlackClock "0:00:45"]

1. d4 Nf6 2. c4 g6 3. Nc3 d5 4. e4 dxe4 5. f3 exf3 6. Nxf3 Bg7 7. Be3 Bf5 8. Bd3 Bxd3 9. Qxd3 O-O 10. O-O-O c6 11. Kb1 Nbd7 12. h4 h5 13. Bf4 Qa5 14. Ka1 a6 15. Rhe1 Rfe8 16. Ne5 Rad8 17. Qe2 Nxe5 18. dxe5 Ng4 19. Rc1 e6 20. Qe4 Nf2 21. Qe3 Nd3 22. Rc2 Nxe1 23. Qxe1 Rd4 24. Bd2 Qxe5 0-1


[Site "https://www.chess.com"]

[Event "Titled Tuesday Blitz February 14 Early 2023"]
[White "Dehtiarov, Roman"]
[Black "AidenRchess"]
[WhiteFideId "14186640"]
[WhiteElo "2289"]
[BlackElo "2517"]
[Result "1-0"]
[Round "08"]
[TimeControl "180+2"]
[Date "2023.02.14"]
[WhiteClock "0:01:01"]
[BlackClock "0:00:07"]

1. e4 c5 2. Nc3 d6 3. f4 Nc6 4. Nf3 g6 5. Bb5 Bg7 6. Bxc6+ bxc6 7. O-O e6 8. d3 Ne7 9. Qe1 O-O 10. Bd2 f5 11. Rd1 Qc7 12. b3 Bd7 13. e5 Nd5 14. Na4 Rae8 15. c4 Nb4 16. exd6 Qxd6 17. Be3 Nc2 18. Qf2 Nxe3 19. Qxe3 Bd4 20. Nxd4 cxd4 21. Qe5 Qxe5 22. fxe5 g5 23. Nc5 Bc8 24. b4 Re7 25. a4 Rc7 26. Rf3 h5 27. h4 g4 28. Rf4 Rd8 29. g3 Kf7 30. Ra1 Ke7 31. Nb3 Rb7 32. Nxd4 Bd7 33. b5 cxb5 34. axb5 Rc8 35. Ra6 Rc5 36. Rf1 Rxe5 37. Kf2 Rc5 38. Rfa1 e5 39. Ne2 Rcc7 40. Nc3 Be6 41. Ke3 Rd7 42. c5 f4+ 43. gxf4 exf4+ 44. Kxf4 Rxd3 45. Ne4 Rf3+ 46. Kg5 Rxb5 47. Rxa7+ Bd7 48. Rd1 Rf5+ 49. Kg6 Rf4 50. Rdxd7+ Ke6 51. Rd6+ Ke5 52. Re7# 1-0


[Site "https://www.chess.com"]

[Event "Titled Tuesday Blitz February 14 Early 2023"]
[White "Vaibhav Jayant Raut"]
[Black "Kokoszczynski, Jan"]
[WhiteFideId "5089034"]
[BlackFideId "1174460"]
[WhiteElo "2237"]
[BlackElo "2247"]
[Result "0-1"]
[Round "08"]
[TimeControl "180+2"]
[Date "2023.02.14"]
[WhiteClock "0:01:29"]
[BlackClock "0:00:17"]

1. e4 c6 2. Nc3 d5 3. Nf3 dxe4 4. Nxe4 Nf6 5. Qe2 Nxe4 6. Qxe4 Be6 7. d4 Nd7 8. Bd3 Nf6 9. Qe2 Bg4 10. c3 e6 11. h3 Bh5 12. O-O Be7 13. Bf4 O-O 14. Rfe1 Nd5 15. Be5 Bd6 16. Bxd6 Qxd6 17. Qe5 Qxe5 18. Nxe5 Rad8 19. a4 Bg6 20. Bxg6 hxg6 21. a5 Nc7 22. a6 Nxa6 23. Nxc6 Rd6 24. Ne5 Rc8 25. Re3 Rb6 26. Ra2 Nb8 27. Nd7 Nxd7 28. Re2 a6 29. Ra5 Nf6 30. Kf1 Rb5 31. Ra1 g5 32. Rc1 Rd5 33. Rd1 b5 34. Ra1 Rc6 35. g3 b4 36. Re3 Rb5 37. Kg2 bxc3 38. Rxc3 Rd6 39. Rc8+ Kh7 40. Rc7 Kg6 41. Ra2 Rxd4 42. Rxa6 Rd7 43. Rc2 Rdb7 44. Ra2 Nd5 45. Re2 Rb3 46. h4 gxh4 47. Ra4 hxg3 48. Rg4+ Kf6 49. Rxg3 Rxg3+ 50. Kxg3 Rb3+ 51. Kg2 g5 52. Rc2 g4 53. Kh2 Kg5 54. Kg2 f5 55. Kg1 Kf4 56. Kg2 Ke5 57. Re2+ Kf6 58. Rc2 Nf4+ 59. Kg1 Nd3 60. Rd2 Nxb2 61. Rd8 Nc4 62. Rf8+ Ke5 63. Rc8 Nd6 64. Rc1 Ne4 65. Re1 Kf4 66. Ra1 e5 67. Ra8 Rb2 68. Ra1 Rxf2 69. Kh1 Rb2 70. Rf1+ Kg5 71. Ra1 g3 72. Ra8 Nf2+ 73. Kg2 Nh3+ 74. Kxh3 f4 75. Rg8+ Kf5 76. Rf8+ Ke4 77. Ra8 Rb4 78. Kg4 g2 79. Ra1 Rb3 80. Kh4 Rg3 81. Rg1 Kf3 0-1


[Site "https://www.chess.com"]

[Event "Titled Tuesday Blitz February 14 Early 2023"]
[White "Csonka, Balazs"]
[Black "Cella, Glaucio Dalla Cortt"]
[WhiteFideId "742910"]
[BlackFideId "2119455"]
[WhiteElo "2496"]
[BlackElo "1894"]
[Result "1/2-1/2"]
[Round "08"]
[TimeControl "180+2"]
[Date "2023.02.14"]
[WhiteClock "0:00:12"]
[BlackClock "0:02:26"]

1. e4 c5 2. Nf3 e6 3. d4 cxd4 4. Nxd4 Nf6 5. Nc3 Bb4 6. e5 Nd5 7. Qg4 g6 8. Qg3 Qa5 9. Bd2 Nxc3 10. bxc3 Be7 11. h4 Nc6 12. Nb5 a6 13. c4 Nb4 14. Nd6+ Bxd6 15. exd6 Nxc2+ 16. Kd1 Qa4 17. Rc1 Nd4+ 18. Ke1 Nc2+ 19. Kd1 Nd4+ 20. Ke1 Nc2+ 21. Ke2 Nd4+ 22. Ke1 1/2-1/2


[Site "https://www.chess.com"]

[Event "Titled Tuesday Blitz February 14 Early 2023"]
[White "Novikov, Evgenij"]
[Black "Liyanage, Ranindu Dilshan"]
[WhiteFideId "4125380"]
[BlackFideId "9915834"]
[WhiteElo "2276"]
[BlackElo "2342"]
[Result "0-1"]
[Round "08"]
[TimeControl "180+2"]
[Date "2023.02.14"]
[WhiteClock "0:00:01"]
[BlackClock "0:01:19"]

1. c4 e6 2. Nc3 d5 3. Nf3 Nf6 4. e3 dxc4 5. Bxc4 a6 6. O-O b5 7. Be2 Bb7 8. a3 c5 9. b3 Nc6 10. Bb2 Be7 11. Ra2 O-O 12. d3 Qc7 13. Ba1 Rfd8 14. Rd2 Rd7 15. Qb1 Rad8 16. Rfd1 e5 17. Ng5 Bf8 18. Bf3 h6 19. Nge4 Nxe4 20. Bxe4 g6 21. Bf3 Bg7 22. Ne4 Rd5 23. Rc2 Qe7 24. Qc1 Na5 25. Nxc5 Rxc5 26. Rxc5 Bxf3 27. gxf3 Nxb3 28. Rxe5 Bxe5 29. Qc2 Nxa1 30. Qe2 Nb3 31. d4 Nxd4 0-1


[Site "https://www.chess.com"]

[Event "Titled Tuesday Blitz February 14 Early 2023"]
[White "Escalona Landi, Samid Eduardo"]
[Black "Jaskolka, Tomasz"]
[WhiteFideId "3937437"]
[BlackFideId "1170791"]
[WhiteElo "2218"]
[BlackElo "2238"]
[Result "0-1"]
[Round "08"]
[TimeControl "180+2"]
[Date "2023.02.14"]
[WhiteClock "0:00:07"]
[BlackClock "0:00:06"]

1. e4 c5 2. Nf3 e6 3. d4 cxd4 4. Bg5 f6 5. Bc1 e5 6. Bc4 Nc6 7. c3 Bc5 8. b4 Bb6 9. a4 a6 10. cxd4 Nxd4 11. O-O Ne7 12. Bb2 d5 13. exd5 Bg4 14. Nbd2 Nxd5 15. h3 Bxf3 16. Nxf3 Rc8 17. Rc1 Nf4 18. a5 Ba7 19. Nxd4 Bxd4 20. Bxd4 Qxd4 21. Qxd4 exd4 22. Rfd1 d3 23. Kf1 Ke7 24. g3 Nxh3 25. Bxd3 Ng5 26. f4 Nf7 27. Be4 Nd6 28. Bf3 Rxc1 29. Rxc1 Rd8 30. Kf2 Rd7 31. Re1+ Kf7 32. Bd5+ Kg6 33. Be6 Re7 34. f5+ Kg5 35. Rh1 Nxf5 36. Bxf5 Kxf5 37. Rxh7 Kg6 38. Rh8 Re4 39. b5 axb5 40. Rb8 Ra4 41. Rxb7 Rxa5 42. Kf3 Kh6 43. Kg4 Ra4+ 44. Kf5 Rb4 45. g4 Rb1 46. g5+ fxg5 47. Kg4 Rb4+ 48. Kf5 Rf4+ 49. Ke5 b4 50. Rb8 Kh5 51. Rg8 b3 52. Rxg7 Rb4 53. Rh7+ Kg4 54. Rh1 b2 55. Rb1 Kf3 0-1


[Site "https://www.chess.com"]

[Event "Titled Tuesday Blitz February 14 Early 2023"]
[White "Turzo, Attila"]
[Black "Belozerov, Andrei"]
[WhiteFideId "704954"]
[BlackFideId "4120213"]
[WhiteElo "2279"]
[BlackElo "2461"]
[Result "0-1"]
[Round "08"]
[TimeControl "180+2"]
[Date "2023.02.14"]
[WhiteClock "0:00:27"]
[BlackClock "0:00:14"]

1. d4 d5 2. c4 e6 3. Nf3 Nf6 4. Nc3 c6 5. e3 Nbd7 6. Be2 Bd6 7. b3 O-O 8. Bb2 b6 9. O-O Bb7 10. Bd3 Rc8 11. Rc1 Re8 12. e4 dxe4 13. Nxe4 Nxe4 14. Bxe4 f5 15. Bb1 c5 16. d5 exd5 17. Bxf5 d4 18. Qd3 h6 19. Rce1 Qc7 20. Be6+ Rxe6 21. Rxe6 Rf8 22. Rfe1 Bxf3 23. gxf3 Ne5 24. R1xe5 Bxe5 25. Bc1 Bxh2+ 26. Kg2 Bf4 27. Bxf4 Qxf4 28. Qe4 Qxe4 29. fxe4 Rd8 30. Kf1 Kf7 31. Rc6 Re8 32. f3 Re6 33. Rc7+ Re7 34. Rc8 g5 35. Ke2 Kg6 36. Rg8+ Kh5 37. Kf2 Re6 38. Kg2 Rd6 39. Kf2 a5 40. Rh8 Re6 41. Ke2 Kh4 42. Kf2 h5 43. a3 Rf6 44. Kg2 Rd6 45. Re8 d3 46. e5 Rd4 47. e6 d2 48. e7 d1=Q 49. Rd8 Rxd8 50. exd8=Q Qxd8 0-1


[Site "https://www.chess.com"]

[Event "Titled Tuesday Blitz February 14 Early 2023"]
[White "Boyer, Mahel"]
[Black "Bilan, Danila"]
[WhiteFideId "45102422"]
[BlackFideId "24161918"]
[WhiteElo "2489"]
[BlackElo "2303"]
[Result "1-0"]
[Round "08"]
[TimeControl "180+2"]
[Date "2023.02.14"]
[WhiteClock "0:01:47"]
[BlackClock "0:00:02"]

1. d4 d5 2. Nf3 Nf6 3. Bf4 c5 4. e3 Nc6 5. Nbd2 cxd4 6. exd4 Bg4 7. c3 e6 8. Qb3 Qc8 9. Ne5 Nxe5 10. Bxe5 Be7 11. Bb5+ Kf8 12. Bd3 Bh5 13. O-O Bg6 14. Be2 Nd7 15. Bg3 h5 16. h3 h4 17. Bh2 a6 18. a4 Qc6 19. a5 Ra7 20. Rfe1 Bd6 21. Bxd6+ Qxd6 22. Qa3 Ke7 23. Bf1 Qxa3 24. Rxa3 Bh5 25. c4 dxc4 26. d5 b5 27. axb6 Nxb6 28. dxe6 fxe6 29. Nxc4 Nxc4 30. Bxc4 Bf7 31. Rxa6 Rxa6 32. Bxa6 Rb8 33. Re2 Rb6 34. Bc4 Rb4 35. b3 Kf6 36. Re4 g5 37. f4 Bg6 38. Rxe6+ Kf5 39. fxg5 Kxg5 40. Kf2 Rb8 41. Ke3 Bf5 42. Re5 Kf6 43. Kf4 Rg8 44. Rxf5+ 1-0


[Site "https://www.chess.com"]

[Event "Titled Tuesday Blitz February 14 Early 2023"]
[White "Morefield, Jason"]
[Black "Girsh, Daniel"]
[WhiteFideId "30920825"]
[BlackFideId "30949190"]
[WhiteElo "2167"]
[BlackElo "2123"]
[Result "0-1"]
[Round "08"]
[TimeControl "180+2"]
[Date "2023.02.14"]
[WhiteClock "0:00:01"]
[BlackClock "0:00:27"]

1. e4 e5 2. Nf3 Nc6 3. Bb5 a6 4. Ba4 Nf6 5. O-O Be7 6. Re1 b5 7. Bb3 O-O 8. a4 Bb7 9. d3 d6 10. Nc3 Na5 11. Ba2 b4 12. Nd5 Nxd5 13. exd5 b3 14. Bd2 bxa2 15. Bxa5 Bxd5 16. c4 Bc6 17. Rxa2 Qd7 18. Bc3 a5 19. b3 Rfb8 20. Rb2 f5 21. d4 e4 22. Nd2 d5 23. c5 f4 24. Nf1 Qf5 25. Qd2 Bg5 26. f3 e3 27. Qe2 Re8 28. Rd1 Re6 29. Qe1 Qf6 30. Re2 Bh4 31. g3 fxg3 32. hxg3 Bg5 33. f4 Bxf4 34. gxf4 Qxf4 35. Rxe3 Rg6+ 36. Rg3 Rh6 37. Qe3 Qh4 38. Kf2 Rf8+ 39. Ke2 Re8 40. Qxe8+ Bxe8 41. Re3 Bh5+ 42. Kd2 Bxd1 43. Kxd1 Qf2 44. Re1 Rh3 45. Bd2 Rxb3 46. Kc2 Ra3 47. Kb2 Rxa4 48. Kb3 Rxd4 49. Bc3 Rd3 50. Ra1 Qxc5 0-1


[Site "https://www.chess.com"]

[Event "Titled Tuesday Blitz February 14 Early 2023"]
[White "Yurasova, Daria"]
[Black "Carnicelli, Valerio"]
[WhiteFideId "34146919"]
[BlackFideId "856185"]
[WhiteElo "2095"]
[BlackElo "2370"]
[Result "1-0"]
[Round "08"]
[TimeControl "180+2"]
[Date "2023.02.14"]
[WhiteClock "0:01:57"]
[BlackClock "0:01:57"]

1. d4 Nf6 2. Bg5 e6 3. e4 h6 4. Bxf6 Qxf6 5. c3 g6 6. Nd2 Bg7 7. Bd3 d6 8. Ne2 Nd7 9. O-O b6 10. f4 Bb7 11. e5 Qe7 12. Be4 Bxe4 13. Nxe4 d5 14. Nd2 c5 15. Nf3 O-O 16. Kh1 Rfc8 17. Qd2 a5 18. g4 a4 19. a3 b5 20. f5 exf5 21. gxf5 gxf5 22. Nf4 Nb6 23. Rg1 Kh7 24. Qg2 Rg8 25. Qh3 Qd7 26. e6 fxe6 27. Ng5+ Kh8 28. Ng6# 1-0


[Site "https://www.chess.com"]

[Event "Titled Tuesday Blitz February 14 Early 2023"]
[White "Aggelis, Nikolaos"]
[Black "Kanyamarala, Tarun"]
[WhiteFideId "4213220"]
[BlackFideId "45004714"]
[WhiteElo "2270"]
[BlackElo "2342"]
[Result "0-1"]
[Round "08"]
[TimeControl "180+2"]
[Date "2023.02.14"]
[WhiteClock "0:00:46"]
[BlackClock "0:00:18"]

1. d4 d5 2. g3 Bf5 3. Nf3 e6 4. Bg2 h6 5. c4 c6 6. Qb3 Qb6 7. c5 Qc7 8. Bf4 Qc8 9. Nc3 Nd7 10. Qd1 Ngf6 11. O-O Be7 12. h4 O-O 13. b4 a5 14. b5 Nh5 15. bxc6 bxc6 16. e3 Nxf4 17. exf4 Nf6 18. Ne5 Qa6 19. Qa4 Rfc8 20. Rfc1 Bd3 21. Qd1 Bf5 22. Bf1 Qa7 23. Qa4 Qc7 24. Qd1 Nd7 25. Na4 Nxe5 26. fxe5 f6 27. exf6 Bxf6 28. Nb6 e5 29. Nxa8 Rxa8 30. Bd3 e4 31. Bc2 a4 32. Rab1 Qd7 33. Qe2 Bxd4 34. Rd1 Bg4 35. Qe1 Bxc5 36. Qxe4 dxe4 37. Rxd7 Bxd7 38. Bxe4 Rf8 39. Rb2 Bd4 40. Rc2 c5 41. Kg2 Rf6 42. f4 Bc6 43. Kf3 Bxe4+ 44. Kxe4 Rg6 45. Kf3 Re6 46. f5 Re3+ 47. Kf4 Re1 48. g4 Be3+ 49. Kf3 Bd4 50. Kf4 Rf1+ 51. Ke4 Rf2 52. Rc1 Rxa2 53. g5 hxg5 54. hxg5 Re2+ 55. Kf3 Rf2+ 56. Ke4 a3 57. Rb1 Rb2 58. Re1 a2 59. Kd5 Rb8 0-1


[Site "https://www.chess.com"]

[Event "Titled Tuesday Blitz February 14 Early 2023"]
[White "Jakubowski, Krzysztof"]
[Black "Bochnicka, Vladimir"]
[WhiteFideId "1112848"]
[BlackFideId "14943450"]
[WhiteElo "2486"]
[BlackElo "2327"]
[Result "0-1"]
[Round "08"]
[TimeControl "180+2"]
[Date "2023.02.14"]
[WhiteClock "0:00:01"]
[BlackClock "0:00:04"]

1. e4 c5 2. Nf3 Nc6 3. d4 cxd4 4. Nxd4 e5 5. Nb5 d6 6. N1c3 a6 7. Na3 Be7 8. Nc4 b5 9. Ne3 Nf6 10. g3 O-O 11. Bg2 Rb8 12. O-O Be6 13. a3 Nd7 14. Ncd5 a5 15. h4 Nc5 16. b4 axb4 17. axb4 Na4 18. c4 Nb6 19. cxb5 Nd4 20. Bb2 Nxb5 21. Qd3 Nxd5 22. Nxd5 Nc7 23. Nxe7+ Qxe7 24. Bc3 Rfc8 25. Ra5 Qd7 26. Bd2 h6 27. Rc1 Na8 28. Rxc8+ Rxc8 29. Ra6 Rd8 30. Be3 Nc7 31. Ra7 Qb5 32. Bf1 Qb8 33. Qc2 Nb5 34. Ra5 Nd4 35. Bxd4 exd4 36. Qd2 Qb6 37. Ra6 Qb7 38. Qxd4 Rc8 39. Ra7 Qb8 40. Ra1 Rc2 41. Rb1 Qc7 42. b5 Rc1 43. Rxc1 Qxc1 44. b6 Qb1 45. Qxd6 Bc4 46. Kh2 Qxf1 47. Qc5 Ba6 48. e5 Qe2 49. Kg1 Qf1+ 50. Kh2 Bb7 0-1


[Site "https://www.chess.com"]

[Event "Titled Tuesday Blitz February 14 Early 2023"]
[White "Hajiyev, Kanan"]
[Black "Manukyan, Sargis A."]
[WhiteFideId "13404148"]
[BlackFideId "13303970"]
[WhiteElo "2197"]
[BlackElo "2158"]
[Result "0-1"]
[Round "08"]
[TimeControl "180+2"]
[Date "2023.02.14"]
[WhiteClock "0:00:02"]
[BlackClock "0:00:11"]

1. d4 d5 2. c4 e6 3. cxd5 exd5 4. Nc3 Nf6 5. Qc2 Be7 6. Bf4 c6 7. e3 O-O 8. Bd3 Nbd7 9. Nf3 Re8 10. O-O Nf8 11. Rab1 a5 12. a3 Ne6 13. Be5 h6 14. b4 axb4 15. axb4 Ng5 16. Nxg5 hxg5 17. b5 Bd6 18. bxc6 bxc6 19. Ne2 Ba6 20. Bxa6 Rxa6 21. Bxd6 Qxd6 22. Qf5 Ne4 23. Rb7 Qe6 24. Qxe6 Rxe6 25. Rb2 Re8 26. Rc1 Rea8 27. Ng3 Nd6 28. Rbc2 g6 29. h3 Nc4 30. Nf1 Ra1 31. g4 Rxc1 32. Rxc1 Ra2 33. Kg2 Kg7 34. Rb1 Nd6 35. Ng3 Nc4 36. Nf1 Nd6 37. Ng3 f5 38. Rb6 Rc2 39. Kf3 f4 40. exf4 gxf4 41. Kxf4 Rxf2+ 42. Ke3 Rc2 43. Ra6 Nc4+ 44. Kd3 Rh2 45. Ne2 Rxh3+ 46. Kc2 Rh2 47. Kd3 Rh3+ 48. Kc2 Re3 49. Nc3 Rg3 50. Rxc6 Ne3+ 51. Kb2 Rxg4 52. Rc7+ Kh6 53. Rc5 Rxd4 54. Nb1 Rb4+ 55. Ka2 Rc4 56. Rc8 Rxc8 0-1


[Site "https://www.chess.com"]

[Event "Titled Tuesday Blitz February 14 Early 2023"]
[White "Domingo Nunez, Ruben"]
[Black "Sowul, Bartosz"]
[WhiteFideId "22245570"]
[BlackFideId "1137590"]
[WhiteElo "2416"]
[BlackElo "2269"]
[Result "1-0"]
[Round "08"]
[TimeControl "180+2"]
[Date "2023.02.14"]
[WhiteClock "0:00:32"]
[BlackClock "0:00:03"]

1. b3 e5 2. Bb2 Nc6 3. e3 Nf6 4. Bb5 Bd6 5. Nf3 e4 6. Bxc6 dxc6 7. Ne5 Qe7 8. Nc4 O-O 9. Nxd6 cxd6 10. O-O Ng4 11. h3 Ne5 12. Nc3 Bxh3 13. Nxe4 Bg4 14. f3 f5 15. Ng3 Qh4 16. Qe1 Bh5 17. Ne2 Qe7 18. Qg3 Rf6 19. Nf4 Bf7 20. Rae1 Rh6 21. e4 g5 22. exf5 Kf8 23. Nd3 Re8 24. Nxe5 dxe5 25. Rxe5 Qd7 26. Qxg5 Qd6 27. Ba3 Qxa3 28. Qxh6+ Kg8 29. f6 1-0


[Site "https://www.chess.com"]

[Event "Titled Tuesday Blitz February 14 Early 2023"]
[White "Koellner, Ruben Gideon"]
[Black "Grycel, Kamil"]
[WhiteFideId "12993093"]
[BlackFideId "1115499"]
[WhiteElo "2426"]
[BlackElo "2315"]
[Result "0-1"]
[Round "08"]
[TimeControl "180+2"]
[Date "2023.02.14"]
[WhiteClock "0:00:01"]
[BlackClock "0:00:18"]

1. d4 b6 2. Nf3 Bb7 3. Nbd2 g6 4. e4 Bg7 5. c3 d6 6. Bc4 e6 7. Bd3 Nd7 8. O-O Ne7 9. Qe2 a6 10. Re1 h6 11. Nf1 O-O 12. Ng3 e5 13. h4 exd4 14. cxd4 Nc6 15. Be3 Nb4 16. Bb1 c5 17. d5 a5 18. a3 Na6 19. h5 Ne5 20. Nxe5 dxe5 21. Bd3 Nc7 22. Bc4 Ne8 23. a4 Nd6 24. Ra3 Bc8 25. Bb5 Ra7 26. Rb3 f5 27. Bc1 f4 28. Nf1 Qg5 29. hxg6 Rf6 30. Nh2 Rxg6 31. Qf1 Bf6 32. Re2 Kh7 33. f3 Rag7 34. Bc6 Bh3 35. Ng4 Bxg4 36. fxg4 Qxg4 37. Qf3 Qg5 38. Rxb6 Nc4 39. Rb3 Qh4 40. Rb7 Rg3 41. Rxg7+ Bxg7 0-1


[Site "https://www.chess.com"]

[Event "Titled Tuesday Blitz February 14 Early 2023"]
[White "Krstulovic, Alex"]
[Black "Mohamed Anees M"]
[WhiteFideId "760056"]
[BlackFideId "35065815"]
[WhiteElo "2428"]
[BlackElo "2315"]
[Result "0-1"]
[Round "08"]
[TimeControl "180+2"]
[Date "2023.02.14"]
[WhiteClock "0:00:01"]
[BlackClock "0:00:37"]

1. Nc3 d5 2. e3 Nf6 3. h3 c5 4. d3 Nc6 5. g4 d4 6. Nce2 dxe3 7. fxe3 e5 8. Bg2 Be7 9. Ng3 Nd5 10. Nf3 Bh4 11. Nxh4 Qxh4 12. Qf3 O-O 13. O-O Nde7 14. Bd2 Be6 15. Be1 Qg5 16. Ne4 Qg6 17. Nxc5 Bd5 18. e4 Nd4 19. Qf2 Bc6 20. Nb3 Ne6 21. Bc3 f6 22. Bd2 h5 23. Qh4 hxg4 24. hxg4 Kf7 25. Rf2 Rh8 26. Qg3 Bd7 27. Raf1 Ng5 28. Qxe5 Nh3+ 29. Bxh3 Rxh3 30. g5 Qh5 31. Rh2 Rh8 32. Rxh3 Bxh3 33. Qf4 Bxf1 34. Kxf1 Qh1+ 35. Kf2 Rh2+ 36. Ke3 Qg1+ 0-1


[Site "https://www.chess.com"]

[Event "Titled Tuesday Blitz February 14 Early 2023"]
[White "Fries-Nielsen, Jens Ove"]
[Black "Gurevich, Dmitry"]
[WhiteFideId "1400142"]
[BlackFideId "2000407"]
[WhiteElo "2377"]
[BlackElo "2393"]
[Result "1/2-1/2"]
[Round "08"]
[TimeControl "180+2"]
[Date "2023.02.14"]
[WhiteClock "0:00:06"]
[BlackClock "0:00:05"]

1. e4 c5 2. Nf3 d6 3. Bb5+ Bd7 4. c4 Nc6 5. Nc3 g6 6. d4 cxd4 7. Nxd4 Bg7 8. Be3 Nf6 9. h3 O-O 10. O-O Rc8 11. b3 a6 12. Bxc6 Bxc6 13. Nxc6 Rxc6 14. Rc1 b5 15. cxb5 axb5 16. Qd3 b4 17. Nd5 Rxc1 18. Rxc1 Nxd5 19. exd5 Qa8 20. Rc2 Rc8 21. Rc4 Rxc4 22. Qxc4 Bc3 23. a4 bxa3 24. Qxc3 a2 25. Bd4 f6 26. Qb2 Qxd5 27. Bc3 Qd3 28. b4 d5 29. b5 a1=Q+ 30. Qxa1 Qxb5 31. f4 Qd3 32. Bd4 Qe4 33. Bf2 Qxf4 34. Qa8+ Kg7 35. Qxd5 Qc7 36. Qe6 h5 37. h4 Kf8 38. Be3 Qg3 39. Bh6+ Ke8 40. Qg8+ Kd7 41. Bd2 Qxh4 42. Qd5+ Ke8 43. Qg8+ Kd7 44. Qd5+ Ke8 45. Kf1 Qg4 46. Be3 Qf5+ 47. Qxf5 gxf5 48. Kf2 e5 49. Bc5 Kf7 50. Kg3 f4+ 51. Kf3 Kg6 52. Bd6 Kf5 53. Bc7 e4+ 54. Kf2 Kg4 55. Bd8 h4 56. Bxf6 e3+ 57. Kf1 h3 58. gxh3+ Kxh3 59. Ke2 Kg2 60. Bh4 Kh3 61. Be1 Kg2 62. Bh4 Kh3 63. Be1 Kg2 64. Bh4 1/2-1/2


[Site "https://www.chess.com"]

[Event "Titled Tuesday Blitz February 14 Early 2023"]
[White "Florescu, Codrut-Constantin"]
[Black "Andrews, Todd"]
[WhiteFideId "1202200"]
[BlackFideId "2012456"]
[WhiteElo "2259"]
[BlackElo "2220"]
[Result "1-0"]
[Round "08"]
[TimeControl "180+2"]
[Date "2023.02.14"]
[WhiteClock "0:00:06"]
[BlackClock "0:00:01"]

1. e4 e6 2. Nf3 d5 3. e5 c5 4. b4 cxb4 5. a3 Nc6 6. d4 Nh6 7. Bd3 Nf5 8. Bxf5 exf5 9. O-O Be7 10. axb4 Nxb4 11. c3 Nc6 12. Ba3 g5 13. Nfd2 f4 14. Nb3 Bf5 15. Re1 O-O 16. N1d2 Re8 17. Qe2 Bxa3 18. Rxa3 f6 19. Qb5 fxe5 20. Qxb7 exd4 21. Rea1 dxc3 22. Qxc6 cxd2 23. Nxd2 a5 24. h3 Qd7 25. Qh6 Qg7 26. Qc6 Qf7 27. Nf3 a4 28. Nxg5 Qg6 29. Qxd5+ Kh8 30. Nf7+ Kg7 31. Nd6 Be4 32. Nxe4 Qxe4 33. Qd7+ Re7 34. Qg4+ Qg6 35. Qxf4 Rf8 36. Qd4+ Kg8 37. Rxa4 Rg7 38. Qd5+ Kh8 39. Rg4 Qf6 40. Qd4 Rxg4 41. Qxf6+ Rxf6 42. hxg4 Rf4 43. f3 Kg7 44. Ra6 Rc4 45. Kf2 Rc2+ 46. Kg3 Kf7 47. f4 Kg7 48. g5 Kf7 49. Kh3 Kg7 50. g3 Rf2 51. Kg4 Kf7 52. f5 Kg7 53. Ra7+ Kg8 54. f6 Rf1 55. Rg7+ Kh8 56. Re7 Kg8 57. Re4 Kf7 58. Rf4 Rh1 59. Kf5 Rg1 60. Rh4 Kg8 61. Kg4 Rg2 62. Rh1 Rf2 63. Ra1 Kf7 64. Ra7+ Kg8 65. Kh5 Rh2+ 66. Kg4 Rf2 67. g6 hxg6 68. Kg5 Rf3 69. g4 Rg3 70. Ra4 Kf7 71. Re4 Rg2 72. Re7+ Kf8 73. Rd7 Rg1 74. Rd6 Rg2 75. Kxg6 Rxg4+ 76. Kf5 Rg1 77. Rd8+ Kf7 78. Rd7+ Kf8 79. Rh7 1-0


[Site "https://www.chess.com"]

[Event "Titled Tuesday Blitz February 14 Early 2023"]
[White "Heinemann, Josefine"]
[Black "Pajeken, Jakob Leon"]
[WhiteFideId "12900460"]
[BlackFideId "12942839"]
[WhiteElo "2289"]
[BlackElo "2417"]
[Result "1/2-1/2"]
[Round "08"]
[TimeControl "180+2"]
[Date "2023.02.14"]
[WhiteClock "0:00:25"]
[BlackClock "0:00:18"]

1. e4 e5 2. Nf3 Nc6 3. Bb5 a6 4. Ba4 Be7 5. O-O Nf6 6. Re1 b5 7. Bb3 d6 8. c3 O-O 9. h3 Na5 10. Bc2 c5 11. d4 Qc7 12. Nbd2 cxd4 13. cxd4 Rd8 14. b3 Bb7 15. Bb2 Nc6 16. Rc1 Qb6 17. dxe5 dxe5 18. Nxe5 Nxe5 19. Bxe5 Ba3 20. Rb1 Bb4 21. Re2 Qa5 22. Bf4 Rac8 23. a4 bxa4 24. bxa4 Rd7 25. Bb3 Nxe4 26. Bxf7+ Rxf7 27. Nxe4 Rxf4 28. Qb3+ Qd5 29. Qxd5+ Bxd5 30. Rxb4 Rc1+ 31. Kh2 Rf1 32. Kg3 Rf8 33. f3 h6 34. Rd4 Bb3 35. Rb2 Bd1 36. Rb1 Be2 37. Rxf1 Bxf1 38. Rd7 Bc4 39. a5 Rf5 40. Nd6 Rd5 41. Rc7 Bf1 42. Ne8 Rd2 43. Kf4 Rxg2 44. Ra7 Rg5 45. h4 Rxa5 46. Nxg7 Ra4+ 47. Ke5 Rxh4 48. Kf6 Rf4+ 49. Nf5 Bd3 50. Ra8+ Kh7 51. Ra7+ Kg8 52. Ra8+ Kh7 53. Ra7+ Kg8 1/2-1/2


[Site "https://www.chess.com"]

[Event "Titled Tuesday Blitz February 14 Early 2023"]
[White "Begunov, Konstantin"]
[Black "Tologon tegin, Semetei"]
[WhiteFideId "4118510"]
[BlackFideId "13800574"]
[WhiteElo "2325"]
[BlackElo "2372"]
[Result "0-1"]
[Round "08"]
[TimeControl "180+2"]
[Date "2023.02.14"]
[WhiteClock "0:00:16"]
[BlackClock "0:00:53"]

1. d4 Nf6 2. c4 e6 3. Nf3 d5 4. Nc3 Nbd7 5. cxd5 exd5 6. Bg5 Be7 7. e3 c6 8. Bd3 Ne4 9. Bf4 Ndf6 10. O-O Bg4 11. Qc2 Bxf3 12. gxf3 Nd6 13. e4 Nh5 14. Be5 dxe4 15. fxe4 Bf6 16. Qe2 Bxe5 17. dxe5 Nf4 18. Qg4 Nxd3 19. Qxg7 Rf8 20. Rad1 Nc4 21. b3 Ncxe5 22. f4 Qd4+ 23. Kh1 O-O-O 24. fxe5 Qxc3 25. e6 Nf2+ 26. Kg2 Nxd1 27. e7 Qxg7+ 0-1


[Site "https://www.chess.com"]